 Dungeon Crawl Stone Soup version 0.22-a0-443-g17c3723 (webtiles) character file.

4035 xccam the Fighter (level 10, -3/95 HPs)
             Began as a Minotaur Monk on May 31, 2018.
             Shot with a sling bullet by Joseph (13 damage)
             ... on level 8 of the Dungeon.
             The game lasted 00:19:10 (9363 turns).

xccam the Fighter (Minotaur Monk)                   Turns: 9363, Time: 00:19:10

Health: -3/95      AC:  0    Str: 18    XL:     10   Next: 4%
Magic:  0/9        EV: 17    Int:  7    God:
Gold:   404        SH:  0    Dex: 14    Spells: 9/9 levels left

rFire    . . .     SeeInvis .     - Unarmed
rCold    . . .     Gourm    .   (no shield)
rNeg     . . .     Faith    .   (no armour)
rPois    +         Spirit   +   (helmet restricted)
rElec    .         Reflect  .   (no cloak)
rCorr    .         Harm     .   (no gloves)
MR       .....                  (no boots)
Stlth    ++........             q - amulet of guardian spirit
HPRegen  0.25/turn              s - ring of poison resistance
MPRegen  0.11/turn              (no ring)

@: no status effects
A: retaliatory headbutt, horns 2
a: no special abilities


You were on level 8 of the Dungeon.
You were not hungry.

You visited 1 branch of the dungeon, and saw 8 of its levels.

You collected 404 gold pieces.

Inventory:

Jewellery
 c - an uncursed ring of resist corrosion {unknown}
 h - the ring "Xabrauph" {Ice *Corrode Int+8 SInv Stlth-}
   (You found it on level 5 of the Dungeon)

   [ring of ice]

   It enhances your ice magic.
   It affects your intelligence (+8).
   It makes you vulnerable to fire.
   It protects you from cold.
   It lets you see invisible.
   It may corrode you when you take damage.
   It makes you less stealthy.
 q - an amulet of guardian spirit (around neck)
 s - a ring of poison resistance (left hand)
Wands
 l - a wand of random effects (59)
Scrolls
 d - 6 scrolls of remove curse
 f - 2 scrolls of fog {unknown}
 g - a scroll of amnesia
 i - 2 scrolls of blinking
 o - 4 scrolls of teleportation
 p - a scroll of random uselessness {unknown}
 r - a scroll of magic mapping {unknown}
 t - a scroll of fear
 u - a scroll of identify
Potions
 a - 3 potions of brilliance
 k - a potion of cancellation {unknown}
 m - 2 potions of flight
 n - 3 potions of magic
Comestibles
 b - 17 rations
 j - 11 chunks of flesh


   Skills:
 + Level 11.0 Fighting
 * Level 8.8 Dodging
 - Level 1.5 Stealth
 + Level 10.2 Unarmed Combat


You had 9 spell levels left.
You didn't know any spells.
Your spell library was empty.

Dungeon Overview and Level Annotations

Branches:
Dungeon (8/15)             Temple (0/1) D:6
   Lair: D:8-11

Altars:
Okawaru
Sif Muna

Shops:
D:4 *

Annotations:
D:8 Joseph


Innate Abilities, Weirdness & Mutations

You reflexively headbutt those who attack you in melee.
You have a pair of horns on your head.


Message History

Something shocks you.
* * * LOW HITPOINT WARNING * * *
Joseph barely misses you. You furiously retaliate!
You headbutt Joseph.
You feel better. Something hits you.
* * * LOW HITPOINT WARNING * * *
Something shocks you.
* * * LOW HITPOINT WARNING * * *
Joseph hits you with a quarterstaff.
* * * LOW HITPOINT WARNING * * *
Joseph unwields an uncursed quarterstaff.
Joseph wields a hunting sling.
Joseph shoots a sling bullet.
The sling bullet hits you!
* * * LOW HITPOINT WARNING * * *
You see here a sling bullet.
Joseph shoots a sling bullet.
The sling bullet closely misses you.
Joseph shoots a sling bullet.
A sky beast appears from thin air!
Reactivating autopickup.
Joseph shoots a sling bullet.
The sling bullet hits you!
You die...

..#.# #.###.....# #.#...#.#
.###.###.####...## #.#...#.# ##
##.......#...########......
.###.###.##.#.#.......###....##
..#..# #......†.#####.# #.##
...#.# ####<###.#####.##...##
.###.# ### #.##..........#
.....# #.##.##.[.(... .#####
#.@.Y......... ## #........#..
. #.#..##@.# .{ #.#...#..##...
#.(...........# #...#.#..##....
#........# ... ##.##.##.# ..
#(##.# .# .


You could see Joseph and a sky beast.

Vanquished Creatures
  The ghost of tstbtto the Chopper, an amateur GrBe of Trog (D:4)
  Sigmund (D:3)
  5 yaks (D:8)
  The ghost of wazuzu the Sneak, an amateur VSEn (D:3)
  Menkaure (D:4)
  Duvessa (D:4)
  3 orc warriors
  A phantom (D:4)
  An ogre (D:7)
  2 centaurs
  2 big kobolds (D:6)
  A bullfrog (D:7)
  Dowan (D:4)
  2 scorpions (D:6)
  3 killer bees (D:8)
  8 wights
  2 crimson imps
  A bullfrog zombie (D:7)
  A centaur zombie (D:5)
  2 hounds
  A jelly (D:2)
  6 orc wizards
  5 orc priests
  3 bullfrog skeletons
  A centaur skeleton (D:6)
  Terence (D:3)
  2 iguanas
  Natasha (thrice) (D:3)
  4 worker ants
  A hound skeleton (D:6)
  A worker ant zombie (D:5)
  Robin (D:3)
  A howler monkey skeleton (D:4)
  3 gnolls (D:2)
  7 adders
  2 shadow imps
  An adder skeleton (D:6)
  2 worms
  A dart slug (D:1)
  2 leopard geckos (D:4)
  35 orcs
  2 giant cockroaches
  15 goblins
  18 hobgoblins
  9 jackals
  12 kobolds
  2 quokkas
  2 bats (D:1)
  3 frilled lizards
  A giant cockroach zombie (D:4)
  A quokka zombie (D:6)
  7 rats
195 creatures vanquished.

Notes
Turn   | Place    | Note
-------+----------+-------------------------------------------
     0 | D:1      | xccam the Minotaur Monk began the quest for the Orb.
     0 | D:1      | Reached XP level 1. HP: 19/19 MP: 0/0
   132 | D:1      | Reached skill level 4 in Fighting
   145 | D:1      | Reached XP level 2. HP: 10/27 MP: 1/1
   801 | D:1      | Reached XP level 3. HP: 33/34 MP: 2/2
  1604 | D:2      | Reached XP level 4. HP: 18/41 MP: 3/3
  1818 | D:2      | Reached skill level 5 in Fighting
  2456 | D:3      | Noticed Terence
  2474 | D:3      | Killed Terence
  2474 | D:3      | Reached skill level 5 in Unarmed Combat
  2474 | D:3      | Reached XP level 5. HP: 33/48 MP: 4/4
  2482 | D:3      | Noticed wazuzu's ghost (amateur VSEn)
  2804 | D:3      | Killed wazuzu's ghost
  2804 | D:3      | Reached skill level 6 in Fighting
  2804 | D:3      | Reached XP level 6. HP: 58/58 MP: 5/5
  2969 | D:3      | Noticed Robin
  3003 | D:3      | HP: 2/58 [Robin/mace (5)]
  3004 | D:3      | Killed Robin
  3510 | D:3      | Noticed Sigmund
  3520 | D:3      | Killed Sigmund
  3520 | D:3      | Reached skill level 7 in Fighting
  3520 | D:3      | Reached XP level 7. HP: 47/66 MP: 6/6
  3618 | D:3      | Noticed Natasha
  3623 | D:3      | Killed Natasha
  3740 | D:3      | Noticed Natasha
  3747 | D:3      | Killed Natasha
  3785 | D:3      | Noticed Natasha
  3798 | D:3      | Killed Natasha
  3980 | D:4      | Found Mihelaep's General Store.
  3994 | D:4      | Noticed tstbtto's ghost (amateur GrBe)
  4038 | D:4      | Killed tstbtto's ghost
  4038 | D:4      | Reached skill level 8 in Fighting
  4084 | D:4      | Noticed Menkaure
  4621 | D:4      | Found a deep blue altar of Sif Muna.
  4735 | D:4      | Found an iron altar of Okawaru.
  4759 | D:4      | Noticed Duvessa
  4759 | D:4      | Noticed Dowan
  4774 | D:4      | Killed Duvessa
  4774 | D:4      | Reached XP level 8. HP: 47/77 MP: 3/7
  4801 | D:4      | Killed Dowan
  4801 | D:4      | Reached skill level 9 in Fighting
  4902 | D:4      | Killed Menkaure
  5239 | D:5      | Entered Level 5 of the Dungeon
  5952 | D:5      | Got a steaming lead ring
  5964 | D:5      | Identified the ring "Xabrauph" {Ice *Corrode Int+8 SInv Stlth-} (You found it on level 5 of the Dungeon)
  6066 | D:6      | Reached skill level 5 in Dodging
  6671 | D:6      | Reached XP level 9. HP: 57/85 MP: 8/8
  6795 | D:6      | Found a staircase to the Ecumenical Temple.
  6907 | D:6      | Reached skill level 10 in Fighting
  8890 | D:8      | Reached skill level 10 in Unarmed Combat
  9229 | D:8      | Reached skill level 11 in Fighting
  9238 | D:8      | Reached XP level 10. HP: 48/95 MP: 6/9
  9335 | D:8      | Noticed Joseph
  9363 | D:8      | Shot with a sling bullet by Joseph

Vault maps used:
D:1:      nicolae_arrival_memento_mori, kennysheep_flooded_box
D:2:      kennysheep_generic_room_4
D:3:      first_ration, kennysheep_generic_room_16, uniq_terence, uniq_natasha,
          uniq_sigmund, uniq_robin
D:4:      lemuel_doored_altar, overflow_temple_1_default, serial_shops,
          kennysheep_mini_moat, minmay_misc_feat_square, uniq_duvessa,
          uniq_menkaure
D:6:      cheibrodos_thug_alley, lemuel_temple_firewalk_b
D:8:      grunt_temple_overflow_open, david_nohive_1, uniq_joseph

Skill      XL: |  1  2  3  4  5  6  7  8  9 |
---------------+----------------------------+-----
Fighting       | 4 5 6 7 8 9 11 | 11.0
Unarmed Combat | 4 5 6 8 9 10 | 10.2
Dodging        | 5 8 |  8.8
Stealth        | |  1.5

Action                   |  1- 3 |  4- 6 |  7- 9 | 10-12 || total
-------------------------+-------+-------+-------+-------++-------
Melee: Unarmed           |    91 |    85 |   418 |    11 ||   605
       Headbutt          |    13 |    15 |    78 |     2 ||   108
       Punch             |       |     1 |    17 |     1 ||    19
  Use: Scroll            |       |     4 |     5 |       ||     9
       Potion            |       |     5 |     7 |     2 ||    14
 Stab: Sleeping          |     1 |     4 |     2 |     1 ||     8
       Distracted        |       |     1 |     1 |       ||     2
  Eat: Ration            |     1 |       |     2 |       ||     3
       Chunk             |       |     4 |    13 |       ||    17
Armor: Skin              |       |     2 |       |       ||     2
Dodge: Dodged            |    55 |    28 |   204 |     4 ||   291

Table legend:
 A = Spawn XP
 B = Non-spawn XP
 C = Spawn XP percentage of total XP
 D = Spawn monster count
 E = Non-spawn monster count
 F = Spawn count percentage of total count
 G = Total turns spent on level
                    A         B        C        D         E        F      G
               +---------+---------+-------+---------+---------+-------+---------
         Total |       0 |    5765 |   0.0 |       0 |     195 |   0.0 |  9363
               +---------+---------+-------+---------+---------+-------+---------
           D:1 |       0 |      43 |   0.0 |       0 |      24 |   0.0 |  1087
           D:2 |       0 |     123 |   0.0 |       0 |      18 |   0.0 |  1407
           D:3 |       0 |     675 |   0.0 |       0 |      30 |   0.0 |  1676
           D:4 |       0 |     967 |   0.0 |       0 |      23 |   0.0 |  1069
           D:5 |       0 |     411 |   0.0 |       0 |      17 |   0.0 |   779
           D:6 |       0 |    1078 |   0.0 |       0 |      46 |   0.0 |  1695
           D:7 |       0 |     947 |   0.0 |       0 |      21 |   0.0 |  1027
           D:8 |       0 |    1521 |   0.0 |       0 |      16 |   0.0 |   623
               +---------+---------+-------+---------+---------+-------+---------
